Map: Lerilak Crest

Players

Jay

  • Race: Zerg Zerg
  • League: Platinum

MaGiK - Winner!

  • Race: Protoss Protoss
  • League: Gold

Event: Lycan League Weekly August #2

VOD

Have the link to the VOD?

Description

Time

  • Played on: Aug. 10, 2015, 12:35 p.m.
  • Length: 7:19

All games in this series

Show
View Real Time Build Order
Export as new Build Order

Jay Zerg 

Build Orders: 3 Hatch before Pool 

Get SALT Encoding   

  12  0:01  Drone  
  13  0:09  Drone  
  14  0:16  Overlord  
  14  0:21  Extractor  
  13  0:23  Drone  
  16  0:35  Drone x2  
  17  0:46  Drone  
  18  1:00  Hatchery  
  18  1:02  Drone  
  18  1:15  Drone  
  18  1:18  Drone  
  20  1:36  Hatchery  
  20  1:37  Drone  
  20  1:45  Spawning Pool  
  19  1:52  Extractor  
  19  1:53  Drone, Extractor  
  19  1:54  Drone  
  19  2:00  Drone  
  20  2:11  Drone x2  
  22  2:21  Drone  
  23  2:36  Queen x2  
  25  2:38  Zergling x2  
  25  2:43  Metabolic Boost  
  28  2:48  Zergling x4  
  30  3:01  Zergling x4  
  30  3:02  Zergling x4  
  34  3:11  Baneling Nest, Overlord  
  33  3:21  Spine Crawler  
  33  3:24  Zergling x4  
  34  3:31  Zergling x4  
  36  3:36  Overlord  
  36  3:45  Zergling x6  
  39  4:07  Zergling x2  
  39  4:08  Zergling x10  
  41  4:24  Spore Crawler  
  36  4:40  Spore Crawler  
  32  4:48  Baneling  
  32  4:49  Baneling x5  
  31  5:01  Baneling x3  
  26  5:29  Drone x2  
  26  5:30  Drone x4, Spawning Pool  
  19  6:19  Zergling x12  
  19  6:20  Zergling x10  
  30  6:33  Zergling x8  
  30  6:34  Zergling x4  
  34  6:48  Zergling x2  
  33  7:01  Overlord  
Show
View Real Time Build Order
Export as new Build Order

MaGiK Protoss - Winner!

Build Orders: Dark Templar Rush 

Get SALT Encoding   

  12  0:01  Probe  
  13  0:19  Probe, Pylon  
  14  0:37  Probe (Chrono Boost)  
  14  0:39  Gateway  
  15  0:46  Assimilator  
  15  0:49  Probe (Chrono Boost)  
  16  0:55  Probe (Chrono Boost)  
  17  1:06  Probe (Chrono Boost)  
  18  1:18  Probe (Chrono Boost)  
  19  1:23  Assimilator  
  19  1:24  Probe (Chrono Boost)  
  20  1:29  Cybernetics Core  
  20  1:34  Pylon  
  20  1:45  Pylon  
  20  1:56  Probe (Chrono Boost)  
  21  2:06  Twilight Council  
  21  2:07  Probe (Chrono Boost), Warp Gate (Chrono Boost)  
  21  2:08  Zealot  
  24  2:13  Probe  
  25  2:27  Gateway  
  25  2:30  Gateway  
  25  2:44  Dark Shrine  
  25  2:53  Gateway  
  25  3:00  Pylon  
  25  3:16  Pylon  
  25  3:21  Probe  
  26  3:32  Pylon  
  26  3:57  Dark Templar x3  
  32  4:06  Zealot  
  32  4:31  Dark Templar  
  32  4:35  Sentry  
  35  4:49  Sentry  
  37  4:57  Pylon  
  33  5:23  Sentry  
  33  5:25  Zealot x3  
  41  5:30  Pylon  
  41  5:32  Pylon  
  41  5:35  Gateway  
  41  5:40  Gateway  
  37  5:45  Zealot x2  
  37  5:46  Zealot  
  37  5:49  Zealot  
  35  5:55  Pylon  
  33  6:13  Stalker x4  
  39  6:49  Pylon  
  31  6:56  Dark Templar  
  28  7:01  Dark Templar  
  28  7:02  Dark Templar  
  28  7:06  Zealot x2  
  28  7:07  Zealot  

Tags
 
Add a new tag
Caveats
  • Supply blocks, unpowered buildings, or Contaminate may cause inaccurate times.
  • Supply counts are checked every 10 seconds.